 Dungeon Crawl Stone Soup version 0.26-a0-597-gb535b0901c (webtiles) character file.

Game seed: 1872327686203876584

10 Alarkh the Insei (level 2, 22/22 HPs)
             Began as a Demonspawn Gladiator on Sept 12, 2020.
             Got out of the dungeon alive.
             The game lasted 00:00:16 (412 turns).

Alarkh the Insei (Demonspawn Gladiator)              Turns: 412, Time: 00:00:16

Health: 22/22      AC:  4    Str: 14    XL:     2   Next: 10%
Magic:  2/2        EV: 12    Int:  9    God:
Gold:   22         SH:  0    Dex: 14    Spells: 1/1 levels left

rFire    + . .     SeeInvis .     - Unarmed
rCold    . . .     Faith    .   (no shield)
rNeg     . . .     Spirit   .   a - +0 leather armour
rPois    .         Reflect  .   b - +0 helmet
rElec    .         Harm     .   (no cloak)
rCorr    .                      (no gloves)
MR       .....                  (no boots)
Stlth    +.........             (no amulet)
HPRegen  0.07/turn              (no ring)
MPRegen  0.08/turn              (no ring)

@: no status effects
A: fire resistance 1
a: no special abilities


You escaped.
You visited 1 branch of the dungeon, and saw 1 of its levels.

You collected 22 gold pieces.

Inventory:

Missiles
 c - 3 throwing nets (quivered)
Armour
 a - a +0 leather armour (worn)
 b - a +0 helmet (worn)
Scrolls
 f - a scroll of fear {unknown}
 g - a scroll of enchant weapon {unknown}
Potions
 d - a potion of brilliance {unknown}
 e - a potion of lignification {unknown}


   Skills:
 - Level 2.0 Fighting
 - Level 1.7 Throwing
 - Level 2.6 Dodging
 + Level 3.3 Unarmed Combat


You had one spell level left.
You didn't know any spells.
Your spell library was empty.

Dungeon Overview and Level Annotations

Branches:
Dungeon (1/15)

Altars:


Innate Abilities, Weirdness & Mutations

Your flesh is heat resistant. (rF+)


Message History

You have reached level 2!
Your demonic ancestry asserts itself...
You feel resistant to heat.
A goblin is nearby!
A goblin is nearby!
Things that are here:
a +0 dagger; a goblin corpse You barely miss the goblin.
The goblin hits you but does no damage.
You hit the goblin.
You kill the goblin!
No target in view!
No target in view!
No target in view!
No target in view!
No target in view!
No target in view!
There is an open door here.
There is a staircase leading out of the dungeon here.
Are you sure you want to leave the Dungeon?
This will make you lose the game!
You have escaped!

........#####.#####.# #.# ..###
..#...#.#...#.# #.# ....#
#.#...'.#...#.# #.#
..#.###.#...#.#...#.# #.#
........#####.##'##.## #.#
..#.##...............# ####.#
..#.#...##'##.#####..# #.##.#
..#.#.#.#...#.#...#..####.##.#
..#.#...#.>.#.'.@.#........#.####
..#.....#...#.#...#..####.##..#..
..###...#####.#####..##.....#.#.#
### ##...............##.#####.#.#
.................##.....#.#†#
####....###############.#.#.#
#....######### ####.#.#.. #####
#####........####......#.# ....#
#....................#


There were no monsters in sight!

Vanquished Creatures
  A bat (D:1)
  A giant cockroach (D:1)
  2 goblins (D:1)
  2 hobgoblins (D:1)
  A frilled lizard (D:1)
  A kobold (D:1)
  A rat (D:1)
9 creatures vanquished.

Notes
Turn   | Place    | Note
-------+----------+-------------------------------------------
     0 | D:1      | Alarkh the Demonspawn Gladiator began the quest for the
                  | Orb.
     0 | D:1      | Reached XP level 1. HP: 16/16 MP: 1/1
   336 | D:1      | Reached skill level 3 in Unarmed Combat
   375 | D:1      | Gained mutation: Your flesh is heat resistant. (rF+)
                  | [demonic ancestry]
   375 | D:1      | Reached XP level 2. HP: 22/22 MP: 2/2
   412 | D:$      | Got out of the dungeon alive.

Illustrated notes

Levels and vault maps discovered:
D:1:      minmay_arrival_four_houses, layout_basic,
          hangedman_decor_diamond_cutter

Skill      XL: |  1 |
---------------+----+-----
Unarmed Combat | 3 |  3.3
Fighting       | |  2.0
Throwing       | |  1.7
Dodging        | |  2.6

Action                   || total
-------------------------++-------
Melee: Unarmed           ||    34
Armor: Leather armour    ||    10
Dodge: Dodged            ||    17

Table legend: (Time is in decaauts)
 A = Elapsed time spent in this place.
 B = Non-inter-level travel time spent in this place.
 C = Inter-level travel time spent in this place.
 D = Time resting spent in this place.
 E = Time spent auto-exploring this place.
 F = Levels seen in this place.
 G = Mean time per level.
                   A        B        C        D        E       F      G
               +--------+--------+--------+--------+--------+-----+--------+
         Total |    410 |    378 |     32 |      0 |    316 |   1 |  410.0 |
       Dungeon |    410 |    378 |     32 |      0 |    316 |   1 |  410.0 |
               +--------+--------+--------+--------+--------+-----+--------+

Top non-repeatable levels by time:
     D:1: 410 daAuts
